 Dungeon Crawl Stone Soup version 0.29-a0-1014-ga8c0faee3b (webtiles) character file.

Game seed: 15833803615128772251

58 Ijustatesigmund the Digger (level 4, 0/40 HPs)
             Began as an Octopode Earth Elementalist on Aug 9, 2022.
             Succumbed to a water moccasin's poison
             ... on level 3 of the Dungeon.
             The game lasted 00:04:51 (2728 turns).

Ijustatesigmund the Digger (OpEE)                   Turns: 2728, Time: 00:04:51

Health: 0/40       AC:  2    Str:  7    XL:     4   Next: 1%
Magic:  2/8        EV: 13    Int: 19    God:
Gold:   87         SH:  0    Dex: 12    Spells: 3/9 levels left

rFire   . . .      SeeInvis .   d - +3 whip
rCold   . . .      Faith    .   (no shield)
rNeg    . . .      Spirit   .   f - +1 hat
rPois   .          Reflect  .   (no amulet)
rElec   .          Harm     .   b - ring of willpower
rCorr   .          Rampage  .   (no ring)
Will    +....                   (no ring)
Stlth   ..........              (no ring)
HPRegen 0.13/turn               (no ring)
MPRegen 0.11/turn               (no ring)
                                (no ring)
                                (no ring)

@: mighty, berserking, lethally poisoned (0 -> -5), flying, hasted, very quick
A: almost no armour, amphibious, 8 rings, camouflage 1, gelatinous body 1,
(nimble swimmer 1), tentacles
a: no special abilities


You were on level 3 of the Dungeon.
You visited 1 branch of the dungeon, and saw 3 of its levels.

You collected 87 gold pieces.

Inventory:

Hand Weapons
 d - a +3 whip (weapon)
Armour
 f - a +1 hat (worn)
Jewellery
 b - a ring of willpower (left tentacle)
 g - a ring of fire
Wands
 n - a wand of flame (23)
Scrolls
 e - a scroll of teleportation
 i - a scroll of identify {unknown}
 j - a scroll of enchant weapon {unknown}
Potions
 a - 2 potions of magic
 l - a potion of might
 m - a potion of heal wounds {unknown}


   Skills:
 - Level 2.0 Dodging
 - Level 2.6 Stealth
 + Level 3.0 Spellcasting
 + Level 1.2 Conjurations
 - Level 1.0 Transmutations
 - Level 3.6 Earth Magic


You had 3 spell levels left.
You knew the following spells:

 Your Spells              Type           Power      Damage    Failure   Level
a - Sandblast             Erth           32%        2d9       3%          1
b - Stone Arrow           Conj/Erth      24%        3d8       17%         3
c - Passwall              Tmut/Erth      9%         N/A       9%          2

Your spell library contained the following spells:

 Spells                   Type           Power      Damage    Failure   Level
 Beastly Appendage        Tmut           12%        N/A       10%         1
 Wereblood                Tmut           6%         N/A       16%         2
 Spider Form              Tmut/Pois      4%         N/A       36%         3
 Portal Projectile        Hex/Tloc       4%         N/A       41%         3
 Tukima's Dance           Hex            2%         N/A       41%         3
 Petrify                  Tmut/Erth      11%        N/A       50%         4
 Blade Hands              Tmut           3%         N/A       95%         5


Dungeon Overview and Level Annotations

Branches:
Dungeon (3/15)

Altars:

Annotations:
D:3 Sigmund


Innate Abilities, Weirdness & Mutations

You cannot wear most types of armour.
You are amphibious.
You can wear up to eight rings at the same time.
Your skin changes colour to match your surroundings (Stealth+).
Your rubbery body absorbs attacks. (AC +1, EV +1)
((You are camouflaged when in or above water. (Stealth+)))
You have tentacles for arms and can constrict up to eight enemies at once.


Message History

Press: ? - help, Shift-Dir - straight line, f/p - water moccasin
Aim: a water moccasin (moderately wounded, 48% to hit)
The stone arrow hits the water moccasin!
The water moccasin is heavily wounded.
An adder comes into view.
Casting: Stone Arrow (quite dangerous; 17% risk of failure)
Confirm with . or Enter, or press ? or * to list all spells.
Aiming: Sandblast (safe; 3% risk of failure)
Press: ? - help, Shift-Dir - straight line, f/p - water moccasin
Aim: a water moccasin (heavily wounded, 70% to hit)
The blast of sand hits the water moccasin!
The water moccasin is severely wounded.
The adder hisses angrily.
The water moccasin bites you. The water moccasin bites you!
You are lethally poisoned!
The water moccasin poisons you!
The water moccasin bites you but does no damage.
It was a potion of might.
You feel very mighty all of a sudden.
You feel very sick.
The water moccasin bites you but does no damage.
You miss the water moccasin. Your grab misses the water moccasin.
The water moccasin is severely wounded.
* * * LOW HITPOINT WARNING * * *
You feel sick.
The water moccasin closely misses you. x2
It was a potion of flight.
You feel very buoyant.
You fly up into the air.
* * * LOW HITPOINT WARNING * * *
You feel sick. The water moccasin closely misses you.
It was a potion of haste.
You feel yourself speed up.
* * * LOW HITPOINT WARNING * * *
You feel sick. The water moccasin barely misses you.
The adder barely misses you. The water moccasin bites you.
* * * LOW HITPOINT WARNING * * *
The adder bites you but does no damage.
It was a potion of berserk rage.
A red film seems to cover your vision as you go berserk!
You feel yourself moving faster!
You feel mighty!
You die...

.#.........#...#
...........#...#
.......<.......#
...............#
..............##
..............#
..............#
.......SS.....#
........@.....#
#............##
#........>.##
############


You could see a water moccasin and an adder.

Vanquished Creatures
  2 adders
  A worm (D:2)
  2 dart slugs
  2 ball pythons
  A bat (D:3)
  3 endoplasms
  2 giant cockroaches
  2 goblins
  3 hobgoblins (D:2)
  4 jackals (D:2)
  7 kobolds
  A rat (D:2)
30 creatures vanquished.

Notes
Turn   | Place    | Note
-------+----------+-------------------------------------------
     0 | D:1      | Ijustatesigmund the Octopode Earth Elementalist began the
                  | quest for the Orb.
     0 | D:1      | Reached XP level 1. HP: 11/11 MP: 3/3
   241 | D:1      | You fall into a shaft and drop 1 floor!
   537 | D:2      | Reached XP level 2. HP: 17/17 MP: 3/5
  1843 | D:2      | Reached XP level 3. HP: 21/21 MP: 4/6
  1882 | D:2      | Learned a level 3 spell: Stone Arrow
  1885 | D:2      | Learned a level 2 spell: Passwall
  2451 | D:3      | Noticed Sigmund
  2463 | D:3      | Reached skill level 1 in Conjurations
  2716 | D:3      | Noticed a water moccasin
  2721 | D:3      | Reached XP level 4. HP: 27/27 MP: 8/8
  2727 | D:3      | HP: 1/27 [water moccasin (3)]
  2728 | D:3      | Succumbed to a water moccasin's poison

Illustrated notes

Levels and vault maps discovered:
D:1:      lemuel_arrival_cross, layout_basic, minmay_misc_feat_cross,
          minmay_liquid_box
D:2:      layout_loops_corners
D:3:      layout_rooms, nicolae_wu_jian_wuxing_cycle, uniq_sigmund

Skill      XL: |  1  2  3 |
---------------+----------+-----
Spellcasting   | 3 |  3.0
Conjurations   | 1 |  1.2
Dodging        | |  2.0
Stealth        | |  2.6
Transmutations | |  1.0
Earth Magic    | |  3.6

Action                   |  1- 3 |  4- 6 || total
-------------------------+-------+-------++-------
Melee: Unarmed           |     2 |       ||     2
       Whip              |     7 |     1 ||     8
       Constrict         |     2 |       ||     2
 Cast: Sandblast         |    41 |     1 ||    42
       Passwall          |     3 |       ||     3
       Stone Arrow       |       |     2 ||     2
  Use: Scroll            |     2 |       ||     2
       Potion            |       |     4 ||     4
 Stab: Sleeping          |     1 |       ||     1
Armor: Skin              |     2 |     3 ||     5
Dodge: Dodged            |    18 |     5 ||    23

Table legend: (Time is in decaauts)
 A = Elapsed time spent in this place.
 B = Non-inter-level travel time spent in this place.
 C = Inter-level travel time spent in this place.
 D = Time resting spent in this place.
 E = Time spent auto-exploring this place.
 F = Levels seen in this place.
 G = Mean time per level.
                   A        B        C        D        E       F      G
               +--------+--------+--------+--------+--------+-----+--------+
         Total |   2768 |   2646 |    122 |    471 |   1817 |   3 |  922.7 |
       Dungeon |   2768 |   2646 |    122 |    471 |   1817 |   3 |  922.7 |
               +--------+--------+--------+--------+--------+-----+--------+

Top non-repeatable levels by time:
     D:2: 1618 daAuts
     D:1: 1087 daAuts
     D:3: 62 daAuts
